[Event "Team 45 45 League T41"]
[Site "Internet Chess Club"]
[Date "2009.05.21"]
[Round "4"]
[White "tryanything"]
[Black "AngryPirate"]
[Result "1/2-1/2"]
[WhiteElo "1593"]
[BlackElo "1420"]
[Opening "French: Winawer, advance variation"]
[ECO "C16"]
[Time "18:01:52"]
[TimeControl "2700+45"]

1. e4 e6 2. d4 d5 3. Nc3 Bb4 4. e5 b6 5. Bd2 Ba6 6. Bxa6 Nxa6 7. Nge2 Be7 8. O-O
f6 9. f4 f5 10. a3 Qd7 11. Na2 c5 12. Be3 c4 13. Nac3 Nc7 14. b3 b5 15. bxc4
bxc4 16. a4 Nh6 17. h3 O-O 18. Qd2 Rfb8 19. Rfb1 Qe8 20. Qd1 Nf7 21. Qe1 Nd8 22.
Rxb8 Rxb8 23. Rb1 Nc6 24. Nb5 Nxb5 25. axb5 Nd8 26. Qa5 Qd7 27. Nc3 Qb7 28. Na4
Nc6 29. Qe1 a6 30. b6 Bd8 31. Nc5 Qe7 32. b7 Ba5 33. Qd1 Bb4 34. Nxa6 Rxb7 35.
Nxb4 Nxb4 36. c3 Nd3 37. Rxb7 Qxb7 38. Qa1 Qb2 {Game drawn by mutual agreement}
1/2-1/2

[Event "Team 45 45 League T41"]
[Site "Internet Chess Club"]
[Date "2009.05.23"]
[Round "4"]
[White "moreffee"]
[Black "Aquaman"]
[Result "1-0"]
[WhiteElo "1366"]
[BlackElo "1384"]
[Opening "Scandinavian defense"]
[ECO "B01"]
[Time "15:00:06"]
[TimeControl "2700+45"]

1. e4 d5 2. exd5 Nf6 3. Nf3 Nxd5 4. Be2 Nc6 5. O-O e6 6. d3 Bd6 7. Nbd2 O-O 8.
Ne4 Be7 9. Bd2 Nf6 10. Qe1 a5 11. Rd1 Nb4 12. Bxb4 Bxb4 13. Nxf6+ Qxf6 14. c3
Bd6 15. Qd2 Bf4 16. Qc2 h6 17. d4 Qe7 18. Qe4 Bd6 19. Bd3 f5 20. Qh4 b6 21. Qxe7
Bxe7 22. Ne5 Rf6 23. f4 Bd6 24. Be2 Bxe5 25. dxe5 Rf8 26. Bf3 Rb8 27. Rd2 Bb7
28. Bh5 Be4 29. Bg6 Bc6 30. h4 Be8 31. h5 Bxg6 32. hxg6 Rbd8 33. Rfd1 Rxd2 34.
Rxd2 Rc8 35. Kf2 Kf8 36. Rd3 Ke7 37. Ke2 Rd8 38. Rxd8 Kxd8 39. Kd3 c6 40. a4 Kc7
41. b4 b5 42. bxa5 bxa4 43. c4 c5 44. Kc3 a3 45. Kb3 a2 46. Kxa2 Kb7 47. Ka3 Ka6
48. Ka4 h5 49. g3 Kb7 50. Kb5 Ka7 51. Kxc5 Ka6 52. Kd6 Kxa5 53. c5 Ka6 54. c6
Ka7 55. c7 Kb7 56. Kd7 {Black resigns} 1-0

[Event "Team 45 45 League T41"]
[Site "Internet Chess Club"]
[Date "2009.05.24"]
[Round "4"]
[White "MaMi98"]
[Black "BrerRabbit"]
[Result "1-0"]
[WhiteElo "1705"]
[BlackElo "1592"]
[Opening "King's Indian: London system"]
[ECO "A48"]
[Time "19:00:31"]
[TimeControl "2700+45"]

1. d4 Nf6 2. Nf3 g6 3. Bf4 Bg7 4. e3 d6 5. Be2 O-O 6. c4 c5 7. O-O cxd4 8. exd4
Qb6 9. Qc1 Nc6 10. Be3 Qc7 11. Nc3 Ng4 12. h3 Nxe3 13. fxe3 Bf5 14. Nh4 Bd7 15.
Qd2 Rac8 16. Rac1 Bh6 17. Rce1 Qb6 18. Nd5 Qd8 19. Nf3 Bf5 20. Bd3 Bd7 21. Nh2
Nxd4 22. Qf2 Ne6 23. Ng4 Bg7 24. Qh4 Ng5 25. Qxg5 f6 26. Qh4 Be6 27. Nf4 Bf7 28.
Nh6+ Bxh6 29. Qxh6 Qa5 30. b3 a6 31. h4 e5 32. Nh5 f5 33. Qg7# {Black
checkmated} 1-0

[Event "Team 45 45 League T41"]
[Site "Internet Chess Club"]
[Date "2009.05.21"]
[Round "4"]
[White "bmw2002"]
[Black "tiki5140"]
[Result "1/2-1/2"]
[WhiteElo "1580"]
[BlackElo "1392"]
[Opening "English, 1...Nf6 (Anglo-Indian defense)"]
[ECO "A15"]
[Time "12:02:46"]
[TimeControl "2700+45"]

1. c4 Nf6 2. g3 g6 3. Bg2 Bg7 4. Nc3 O-O 5. d3 d6 6. Bg5 Ng4 7. h3 f6 8. Bd2 Ne5
9. f4 Nf7 10. Nf3 Nc6 11. O-O Bd7 12. e4 Qc8 13. Kh2 Bh6 14. Nd5 Bg7 15. Bc3 e5
16. fxe5 dxe5 17. b4 Re8 18. Nh4 Ng5 19. g4 Re6 20. Nf3 Nxf3+ 21. Rxf3 Ne7 22.
d4 Nxd5 23. cxd5 Re7 24. dxe5 fxe5 25. Qb3 b6 26. Bf1 Kh8 27. Bc4 Bxg4 28. hxg4
Qxg4 29. Rg3 Qh4+ 30. Rh3 Qxe4 31. Bd3 Qf4+ 32. Kh1 e4 33. Rf1 Qg4 {Game drawn
by mutual agreement} 1/2-1/2

[Event "Team 45 45 League T41"]
[Site "Internet Chess Club"]
[Date "2009.05.24"]
[Round "4"]
[White "rocket"]
[Black "Zyme"]
[Result "0-1"]
[WhiteElo "1269"]
[BlackElo "1466"]
[Opening "French: advance, Euwe variation"]
[ECO "C02"]
[Time "08:00:11"]
[TimeControl "2700+45"]

1. e4 e6 2. d4 d5 3. e5 c5 4. c3 Nc6 5. Nf3 Bd7 6. Be2 Nge7 7. O-O Ng6 8. Bd3 f6
9. Re1 fxe5 10. Nxe5 Ngxe5 11. dxe5 Qb6 12. c4 d4 13. Qh5+ g6 14. Bxg6+ Kd8 15.
Bxh7 Kc7 16. a3 Be7 17. Qf7 Raf8 18. Qg6 Na5 19. Nd2 Nb3 20. Nxb3 Qxb3 21. Qd3
Qb6 22. Be4 Rfg8 23. Rb1 Bc6 24. Bxc6 Qxc6 25. Qb3 Qxg2# {White checkmated} 0-1

[Event "Team 45 45 League T41"]
[Site "Internet Chess Club"]
[Date "2009.05.25"]
[Round "4"]
[White "zepled37"]
[Black "J4Jesus"]
[Result "1-0"]
[WhiteElo "1610"]
[BlackElo "979"]
[Opening "Scotch opening"]
[ECO "C44"]
[Time "15:03:01"]
[TimeControl "2700+45"]

1. e4 e5 2. Nf3 Nc6 3. d4 f6 4. dxe5 fxe5 5. Bb5 Nge7 6. Bg5 d6 7. Nc3 Bg4 8. h3
Bxf3 9. Qxf3 a6 10. Bc4 Nd4 11. Bf7+ Kd7 12. Qg4+ Kc6 13. O-O Nxc2 14. Rac1 Nb4
15. Nd5+ Kb5 16. Qe2+ Ka5 17. Qd2 c5 18. a3 h6 19. Bxe7 Bxe7 20. axb4+ Kb5 21.
Qd3+ Kc6 22. Nxe7+ Qxe7 23. Qd5+ Kc7 24. bxc5 dxc5 25. Qxc5+ Qxc5 26. Rxc5+ Kd6
27. Rd5+ Ke7 28. Bg6 Kf6 29. Bf5 Rhd8 30. Rfd1 g6 31. Rxd8 Rxd8 32. Rxd8 gxf5
33. exf5 Kxf5 34. Kf1 e4 35. Ke2 Kf4 36. Rh8 b5 37. Rxh6 a5 38. g3+ Ke5 39. Rh5+
Kd4 40. Rxb5 a4 41. Ra5 Kc4 42. Rxa4+ Kb3 43. Rxe4 Kxb2 44. Kd3 Kc1 45. Re2 Kd1
46. f4 Kc1 47. Rh2 Kb1 48. Kc3 Ka1 49. Kb3 Kb1 50. Rh1# {Black checkmated} 1-0

[Event "Team 45 45 League T41"]
[Site "Internet Chess Club"]
[Date "2009.05.23"]
[Round "4"]
[White "tsia68"]
[Black "mcplayerus"]
[Result "1-0"]
[WhiteElo "1882"]
[BlackElo "2062"]
[Opening "English, 1...Nf6 (Anglo-Indian defense)"]
[ECO "A15"]
[Time "04:00:31"]
[TimeControl "2700+45"]

1. c4 Nf6 2. g3 g6 3. Bg2 Bg7 4. Nc3 c6 5. Nf3 O-O 6. O-O d6 7. Rb1 a5 8. a3 d5
9. cxd5 cxd5 10. d4 Nc6 11. Bf4 Bf5 12. Rc1 Ne4 13. Nb5 a4 14. Ne5 Qb6 15. Nc7
Rad8 16. Nxc6 bxc6 17. Qxa4 Qxb2 18. Qxc6 Qxd4 19. Rcd1 Qc4 20. Nxd5 Qxe2 21.
Nxe7+ Kh8 22. Rde1 Bd7 23. Qxe4 Qxe4 24. Rxe4 Bb5 25. Rfe1 h5 26. Be5 f6 27.
Nxg6+ {Black resigns} 1-0

[Event "Team 45 45 League T41"]
[Site "Internet Chess Club"]
[Date "2009.05.26"]
[Round "4"]
[White "Razorbackchess"]
[Black "bogolijubov"]
[Result "0-1"]
[WhiteElo "1745"]
[BlackElo "1811"]
[Opening "Grünfeld: 4.Bf4"]
[ECO "D82"]
[Time "18:10:37"]
[TimeControl "2700+45"]

1. d4 Nf6 2. c4 g6 3. Nc3 d5 4. Bf4 Bg7 5. e3 c5 6. dxc5 Qa5 7. Qa4+ Qxa4 8.
Nxa4 Bd7 9. Nc3 Ne4 10. Nxd5 Na6 11. f3 Nexc5 12. Rb1 Rc8 13. e4 e6 14. Nc3 Nb4
15. Be3 Nc2+ 16. Kf2 Nxe3 17. Kxe3 f5 18. Be2 Rd8 19. Nh3 Bc6 20. Rhd1 Ke7 21.
Rxd8 Rxd8 22. Rd1 Bh6+ 23. Kf2 Rxd1 24. Bxd1 fxe4 25. fxe4 Nxe4+ 26. Nxe4 Bxe4
27. Bf3 Bb1 28. Bxb7 Bxa2 29. Ba6 Bc1 30. b4 Ba3 31. Ng5 h6 32. Nf3 Bxb4 33. Ne5
Bc5+ 34. Ke2 Bb1 35. Nd3 Kd6 36. g4 Bxd3+ 37. Kxd3 Ke5 38. Bc8 a5 39. Bd7 Bg1
40. h3 Kd6 41. Be8 g5 42. Kc3 Kc5 43. Kb3 Kd4 44. Bf7 e5 45. Ka4 e4 46. c5 e3
{White resigns} 0-1

[Event "Team 45 45 League T41"]
[Site "Internet Chess Club"]
[Date "2009.05.24"]
[Round "4"]
[White "PJ"]
[Black "Kurukshetra"]
[Result "0-1"]
[WhiteElo "1745"]
[BlackElo "1730"]
[Opening "Sicilian: closed"]
[ECO "B24"]
[Time "09:59:13"]
[TimeControl "2700+45"]

1. e4 c5 2. Nc3 Nc6 3. g3 Nf6 4. Bg2 g6 5. d3 Bg7 6. Be3 d6 7. h3 Rb8 8. Qd2 O-O
9. Bh6 b5 10. Bxg7 Kxg7 11. f4 Nd4 12. Nce2 Nxe2 13. Nxe2 Bb7 14. O-O e6 15. c4
bxc4 16. dxc4 Bxe4 17. Nc3 Bxg2 18. Kxg2 Qb6 19. b3 Qc6+ 20. Kh2 d5 21. cxd5
exd5 22. Rae1 Rfe8 23. Re5 Rbd8 24. Qb2 d4 25. Na4 c4 26. Rfe1 Rxe5 27. fxe5 Nh5
28. Qf2 Kg8 29. Rf1 Qe6 30. Nc5 Qd5 31. bxc4 Qxc5 32. Qxf7+ Kh8 33. e6 Qe5 34.
Rf3 d3 35. e7 Rg8 36. Rxd3 Qe2+ 37. Kg1 Qxd3 38. Qxg8+ Kxg8 39. e8=Q+ Kg7 40.
Qe5+ Kh6 41. Kg2 Qxc4 42. Qe3+ Kg7 43. Qxa7+ Qf7 44. Qd4+ Nf6 45. Qb2 Qd5+ 46.
Kh2 Kf7 47. Qf2 Ke6 48. Qb6+ Ke5 49. Qe3+ Ne4 50. Qf4+ Kd4 {White resigns} 0-1

[Event "Team 45 45 League T41"]
[Site "Internet Chess Club"]
[Date "2009.05.21"]
[Round "4"]
[White "bgolev"]
[Black "nardz"]
[Result "0-1"]
[WhiteElo "1849"]
[BlackElo "2074"]
[Opening "Sicilian: Najdorf, Byrne (English) attack"]
[ECO "B90"]
[Time "20:01:11"]
[TimeControl "2700+45"]

1. e4 c5 2. Nf3 d6 3. d4 cxd4 4. Nxd4 Nf6 5. Nc3 a6 6. Be3 e6 7. f3 b5 8. Qd2
Bb7 9. O-O-O Nbd7 10. g4 h6 11. h4 b4 12. Na4 d5 13. exd5 Nxd5 14. Rh3 Qa5 15.
b3 Nc5 16. Nxe6 fxe6 17. Bxc5 Bxc5 18. Nxc5 Qa3+ {White resigns} 0-1

[Event "Team 45 45 League T41"]
[Site "Internet Chess Club"]
[Date "2009.05.23"]
[Round "4"]
[White "QueensCounselor"]
[Black "Beddathanme"]
[Result "1-0"]
[WhiteElo "2008"]
[BlackElo "1860"]
[Opening "Queen's pawn game"]
[ECO "A32"]
[Time "15:03:00"]
[TimeControl "2700+45"]

1. d4 Nf6 2. c4 e6 3. Nc3 c5 4. Nf3 cxd4 5. Nxd4 Bb4 6. Qb3 Bc5 7. e3 Nc6 8.
Nxc6 bxc6 9. Bd3 O-O 10. Na4 Be7 11. c5 d5 12. cxd6 Qxd6 13. O-O Rb8 14. Qc2 Rd8
15. Rd1 Kh8 16. Be2 Qe5 17. Rxd8+ Bxd8 18. Bd2 Bc7 19. f4 Qe4 20. Rc1 Bxf4 21.
Qxe4 Nxe4 22. exf4 Nxd2 23. Rd1 {Black resigns} 1-0

[Event "Team 45 45 League T41"]
[Site "Internet Chess Club"]
[Date "2009.05.23"]
[Round "4"]
[White "baumhauer"]
[Black "Beetlejuice"]
[Result "1/2-1/2"]
[WhiteElo "1905"]
[BlackElo "1835"]
[Opening "English: Wimpey system"]
[ECO "A13"]
[Time "04:05:56"]
[TimeControl "2700+45"]

1. Nf3 d5 2. c4 e6 3. e3 Nf6 4. b3 c5 5. Bb2 Nc6 6. g3 Be7 7. Bg2 b6 8. O-O O-O
9. d4 Bb7 10. Nbd2 cxd4 11. Nxd4 Rc8 12. Qe2 Na5 13. Rfd1 Ba6 14. Rac1 Qe8 15.
Nb5 dxc4 16. bxc4 Bxb5 17. cxb5 Rxc1 18. Rxc1 Qd7 19. Bc3 Rc8 20. Nb3 Ba3 21.
Rd1 Qc7 22. Bxf6 gxf6 23. Nxa5 bxa5 24. Bc6 a6 25. Qg4+ Kf8 26. Rd7 Qe5 27. Bb7
h5 28. Qe2 Rc1+ 29. Kg2 Qxb5 30. Qd3 Qxd3 31. Rxd3 Bb4 32. a3 Rc3 33. Rxc3 Bxc3
34. a4 Kg7 35. Bxa6 f5 36. Kf3 f6 37. Ke2 Kg6 38. f3 Kg5 39. Bc8 e5 40. h3 f4
41. exf4+ exf4 42. g4 h4 43. Kd3 Bb4 44. Ke4 {Game drawn by mutual agreement}
1/2-1/2

[Event "Team 45 45 League T41"]
[Site "Internet Chess Club"]
[Date "2009.05.25"]
[Round "4"]
[White "cknights"]
[Black "Victorianum"]
[Result "1-0"]
[WhiteElo "1863"]
[BlackElo "1754"]
[Opening "Nimzo-Indian: 4.e3 c5"]
[ECO "E41"]
[Time "14:02:24"]
[TimeControl "2700+45"]

1. d4 Nf6 2. c4 e6 3. Nc3 Bb4 4. e3 c5 5. Bd3 Nc6 6. Ne2 cxd4 7. exd4 d5 8. cxd5
Nxd5 9. O-O O-O 10. Bc2 Re8 11. Qd3 g6 12. a3 Nxc3 13. bxc3 Bf8 14. Qf3 Bg7 15.
Be4 Bd7 16. Rb1 Qc7 17. Re1 f5 18. Bd3 b6 19. Bg5 Kh8 20. Rbd1 e5 21. Qg3 Qc8
22. Qh4 e4 23. Bc4 Nd8 24. Bd5 Bc6 25. Bb3 Qa6 26. Nf4 Re6 27. Bxe6 Be8 28. Bxd8
Qxa3 29. Bf6 Qf8 30. Be7 g5 31. Qxg5 h6 32. Qh4 Bf6 33. Bxf6+ Kh7 34. Bxf5+ Kg8
35. Qg4+ Bg6 36. Qxg6+ Qg7 37. Qxg7# {Black checkmated} 1-0

[Event "Team 45 45 League T41"]
[Site "Internet Chess Club"]
[Date "2009.05.20"]
[Round "4"]
[White "BotanicalKnight"]
[Black "RingLord"]
[Result "0-1"]
[WhiteElo "1545"]
[BlackElo "1689"]
[Opening "Sicilian: closed, 6.f4"]
[ECO "B25"]
[Time "20:01:38"]
[TimeControl "2700+45"]

1. e4 c5 2. Nc3 Nc6 3. g3 g6 4. Bg2 Bg7 5. d3 d6 6. f4 e6 7. Nf3 Nge7 8. O-O O-O
9. a3 Rb8 10. Ne2 b5 11. c3 a5 12. Qe1 Ba6 13. g4 f5 14. exf5 exf5 15. g5 Qb6
16. Be3 b4 17. axb4 axb4 18. Qd2 Nd5 19. Ne1 Nxe3 20. Qxe3 Rfe8 21. Bd5+ Kh8 22.
Qf3 Ne7 23. Bf7 Bb7 24. Qf2 Rf8 25. Be6 bxc3 26. bxc3 Qc6 27. Qf3 d5 28. Qe3 d4
29. cxd4 Qh1+ 30. Kf2 Qxh2+ 31. Ng2 {White resigns} 0-1

[Event "Team 45 45 League T41"]
[Site "Internet Chess Club"]
[Date "2009.05.24"]
[Round "4"]
[White "Bookkeeper"]
[Black "PostMike"]
[Result "1/2-1/2"]
[WhiteElo "1484"]
[BlackElo "1563"]
[Opening "Sicilian defense"]
[ECO "B40"]
[Time "14:29:49"]
[TimeControl "2700+45"]

1. e4 c5 2. Nf3 e6 3. Bd3 a6 4. c3 d5 5. e5 Nc6 6. O-O f6 7. Re1 Nh6 8. Bc2 Nf7
9. d4 Be7 10. Bf4 b6 11. Nbd2 O-O 12. Nf1 cxd4 13. cxd4 fxe5 14. Nxe5 Nfxe5 15.
Bxe5 Nxe5 16. dxe5 a5 17. Ng3 Bh4 18. Qd3 g6 19. Qd4 Ba6 20. Qg4 Qe7 21. Rac1
Bg5 22. Rcd1 Rf4 23. Qh3 Rh4 24. Nf5 Rxh3 25. Nxe7+ Bxe7 26. gxh3 Bc5 27. a3 Rf8
28. Rd2 Rf3 29. Kg2 Rf4 30. Kg3 Rf7 31. Bd1 h5 32. h4 Kg7 33. f4 Bb5 34. Bc2 Be8
35. Rg2 Kh6 36. Rf1 Bc6 37. Kh3 Rg7 38. Rg3 Bb5 39. Bd3 Bd7 40. Rd1 {Game drawn
by mutual agreement} 1/2-1/2

[Event "Team 45 45 League T41"]
[Site "Internet Chess Club"]
[Date "2009.05.24"]
[Round "4"]
[White "g8wrb"]
[Black "crankn8tr"]
[Result "1-0"]
[WhiteElo "1517"]
[BlackElo "1518"]
[Opening "Sicilian: Alapin's variation (2.c3)"]
[ECO "B22"]
[Time "11:03:42"]
[TimeControl "2700+45"]

1. e4 c5 2. c3 d5 3. exd5 Qxd5 4. d4 Nf6 5. Nf3 Bg4 6. Nbd2 Nc6 7. Bc4 Bxf3 8.
Qb3 Na5 9. Qb5+ Qc6 10. Nxf3 Nxc4 11. Qxc4 e6 12. O-O Be7 13. Bg5 O-O 14. Rfe1
Rac8 15. Rad1 Qd5 16. Qxd5 Nxd5 17. Bxe7 Nxe7 18. dxc5 Rfd8 19. b4 Nd5 20. Rd3
Kf8 21. Red1 Ke7 22. Ng5 Nxc3 23. Rxd8 Rxd8 24. Rxd8 Kxd8 25. Nxf7+ Ke7 26. Nd6
Nxa2 27. b5 Nc3 28. Nc8+ Kd7 29. Nxa7 Kc7 30. Kf1 Kb8 31. b6 Ne4 32. c6 bxc6 33.
Nxc6+ Kb7 34. Nd8+ Kxb6 35. Nxe6 {Black resigns} 1-0

[Event "Team 45 45 League T41"]
[Site "Internet Chess Club"]
[Date "2009.05.25"]
[Round "4"]
[White "john-beebs"]
[Black "AtomicDog"]
[Result "1-0"]
[WhiteElo "1535"]
[BlackElo "1278"]
[Opening "Sicilian: Najdorf, Byrne (English) attack"]
[ECO "B90"]
[Time "07:00:07"]
[TimeControl "2700+45"]

1. e4 c5 2. Nf3 d6 3. d4 cxd4 4. Nxd4 Nf6 5. Nc3 a6 6. Be3 e5 7. Nf3 Be6 8. Ng5
Be7 9. Nxe6 fxe6 10. Bc4 Qc8 11. Bb3 O-O 12. O-O b5 13. a3 Nc6 14. h3 Qd7 15.
Qd3 Rf7 16. Ne2 d5 17. Rad1 d4 18. Bc1 Bc5 19. Qg3 Nxe4 20. Qg4 Nxf2 21. Qxe6
Qxe6 22. Bxe6 d3 23. Bxf7+ Kxf7 24. Rxd3 Kg6 25. Rxf2 Rf8 26. Rg3+ Kh5 27. Be3
{Black resigns} 1-0

[Event "Team 45 45 League T41"]
[Site "Internet Chess Club"]
[Date "2009.05.20"]
[Round "4"]
[White "tc66062"]
[Black "playwaycool"]
[Result "0-1"]
[WhiteElo "1864"]
[BlackElo "2068"]
[Opening "Scotch game"]
[ECO "C45"]
[Time "22:30:11"]
[TimeControl "2700+45"]

1. e4 e5 2. Nf3 Nc6 3. d4 exd4 4. Nxd4 Bc5 5. Be3 Qf6 6. c3 Nge7 7. Bc4 d6 8.
Nb5 Bxe3 9. fxe3 O-O 10. Qf3 Qh4+ 11. g3 Qh3 12. Nxc7 Ne5 13. Qf1 Qh6 14. Kd2
Bh3 15. Qe2 Rac8 16. Nd5 Nxc4+ 17. Kd3 Nxd5 18. exd5 Rfe8 19. e4 Bf5 20. Re1
Rxe4 21. Qxe4 Bxe4+ 22. Rxe4 Ne5+ 23. Kc2 Qxh2+ 24. Kb3 Qh1 25. Rd4 a5 26. Kc2
b5 27. Rd1 Qe4+ 28. Kc1 b4 29. Nd2 Qe3 30. Kc2 bxc3 31. Nb3 Qe2+ 32. Nd2 cxd2+
33. Kb3 Qc4+ 34. Ka3 Qb4# {White checkmated} 0-1

[Event "Team 45 45 League T41"]
[Site "Internet Chess Club"]
[Date "2009.05.20"]
[Round "4"]
[White "Gregorio"]
[Black "JoePio"]
[Result "1-0"]
[WhiteElo "2094"]
[BlackElo "1890"]
[Opening "English opening"]
[ECO "A15"]
[Time "19:33:28"]
[TimeControl "2700+45"]

1. c4 Nf6 2. Nf3 c6 3. g3 d5 4. Bg2 Bf5 5. b3 e6 6. O-O Bc5 7. d3 O-O 8. Bb2
dxc4 9. bxc4 Qb6 10. Bxf6 gxf6 11. d4 Be7 12. Nc3 Rd8 13. e4 Bg4 14. Rb1 Qa6 15.
h3 Bxf3 16. Bxf3 Qxc4 17. Rxb7 Rxd4 18. Qc1 Nd7 19. Be2 Qc5 20. Qe3 e5 21. Rc1
Qa3 22. Bg4 Rd8 23. Rcb1 Nb6 24. Rb3 Qa6 25. Rxe7 Rd3 26. Qh6 R3d6 27. Bh5 Rf8
28. Rxe5 fxe5 29. Qxd6 Nc4 30. Qd3 {Black resigns} 1-0

[Event "Team 45 45 League T41"]
[Site "Internet Chess Club"]
[Date "2009.05.24"]
[Round "4"]
[White "kenjr"]
[Black "Monsieur"]
[Result "1-0"]
[WhiteElo "1885"]
[BlackElo "1617"]
[Opening "Trompowsky attack (Ruth, Opocenský opening)"]
[ECO "A45"]
[Time "21:30:05"]
[TimeControl "2700+45"]

1. d4 Nf6 2. Bg5 g6 3. Bxf6 exf6 4. e3 Nc6 5. g3 d5 6. Bg2 Be6 7. Ne2 g5 8. Nd2
Qd7 9. a3 Bh3 10. O-O Bxg2 11. Kxg2 h5 12. h3 O-O-O 13. b4 Bd6 14. c4 f5 15. c5
Be7 16. Qa4 h4 17. b5 Nb8 18. c6 bxc6 19. bxc6 Qxc6 20. Qxa7 Qa6 21. Qxa6+ Nxa6
22. Rfc1 Kd7 23. Rc2 Ra8 24. Nf3 f6 25. Nd2 Nb4 26. Rc3 Nc6 27. Nb3 Rxa3 28.
Rac1 Ra6 29. Nc5+ Bxc5 30. Rxc5 Kd6 31. Nc3 Nb4 32. Nb5+ Ke7 33. Nxc7 Rd6 34.
Nb5 Rd7 35. Rc7 Nd3 36. Rxd7+ Kxd7 37. Rc7+ Kd8 38. Rf7 hxg3 39. Kxg3 f4+ 40.
Kg2 fxe3 41. fxe3 Rh6 42. Nc7 Nb4 43. Ne6+ Ke8 44. Rb7 Nc2 45. Nc7+ Kd7 46.
Nxd5+ Kc6 47. Rc7+ Kxd5 48. Rxc2 Ke4 49. Rc3 f5 50. Rc5 Re6 51. Kf2 Re8 52. Ra5
Rf8 53. Ke2 Re8 54. Kf2 f4 55. exf4 gxf4 56. d5 Rb8 57. d6 Rb4 58. d7 Rb8 59.
Ra2 Rd8 60. Rd2 f3 61. h4 Kf4 62. h5 Kg5 63. Rd5+ Kh6 64. Kxf3 Kg7 65. Kg4 Kh7
66. Rd6 Kg7 67. h6+ Kh7 68. Kg5 Kg8 69. Kg6 Kh8 70. Kf6 Kh7 71. Ke7 Rf8 72. Kxf8
{Black resigns} 1-0

[Event "Team 45 45 League T41"]
[Site "Internet Chess Club"]
[Date "2009.05.24"]
[Round "4"]
[White "BadHabitMarco"]
[Black "alexdb"]
[Result "0-1"]
[WhiteElo "2030"]
[BlackElo "1982"]
[Opening "Four knights game"]
[ECO "C47"]
[Time "20:31:23"]
[TimeControl "2700+45"]

1. e4 e5 2. Nf3 Nc6 3. Nc3 Nf6 4. g3 d5 5. exd5 Nxd5 6. Bg2 Nxc3 7. bxc3 Bd6 8.
O-O O-O 9. Rb1 Rb8 10. d4 h6 11. Re1 exd4 12. cxd4 Bg4 13. h3 Bf5 14. Nh4 Bh7
15. Qg4 Qc8 16. Qd1 Rd8 17. Rb3 Nb4 18. Rb2 c6 19. a3 Nd5 20. c4 Nf6 21. Rbe2
Bc5 22. Bf4 Rxd4 23. Qc1 Bd6 24. Qb2 Rd3 25. Bxh6 Bxa3 26. Qa1 Bc5 27. Bg5 Bd4
28. Qc1 Bc3 29. Rd1 Qd7 30. Rxd3 Qxd3 31. Re3 Bd2 32. Rxd3 Bxc1 33. Bxc1 Bxd3
34. c5 Re8 35. Be3 Be4 36. Bf1 Rd8 37. Be2 Bd3 38. Bf3 Nd5 39. Bg5 Re8 40. Bd2
b6 41. cxb6 axb6 42. Bg4 Re7 43. Bg5 Re1+ 44. Kg2 b5 45. Bd7 c5 46. Nf3 Re2 47.
Bc6 Nb4 48. Bd7 f6 49. Be3 Rxe3 50. fxe3 Kf7 51. Nd2 Ke7 52. Bg4 c4 53. Kf2 c3
54. Nb3 Bc4 55. Nc1 Nd3+ 56. Nxd3 Bxd3 57. Ke1 b4 58. Kd1 b3 {White resigns} 0-1

[Event "Team 45 45 League T41"]
[Site "Internet Chess Club"]
[Date "2009.05.22"]
[Round "4"]
[White "Wheels"]
[Black "Paulkov"]
[Result "1/2-1/2"]
[WhiteElo "2017"]
[BlackElo "1859"]
[Opening "KP: Nimzovich defense"]
[ECO "B00"]
[Time "21:04:38"]
[TimeControl "2700+45"]

1. e4 Nc6 2. Nf3 d6 3. d4 Nf6 4. Nc3 Bg4 5. d5 Nb8 6. h3 Bxf3 7. Qxf3 g6 8. Bf4
Nbd7 9. Bd3 Bg7 10. O-O O-O 11. Qe3 c6 12. dxc6 bxc6 13. Rab1 Qb6 14. Bc4 Nh5
15. Bg5 Qxe3 16. Bxe3 Rfb8 17. Bb3 Nb6 18. Na4 Nf6 19. f3 Nfd7 20. Rfd1 Rb7 21.
c3 Rab8 22. Nxb6 Nxb6 23. Kf2 Nd7 24. Rd2 c5 25. Rc2 Nb6 26. a3 a5 27. f4 c4 28.
Ba2 Na4 29. Bc1 Nxc3 30. Ra1 Nxe4+ 31. Ke3 d5 32. Bxc4 dxc4 33. Kxe4 Bxb2 34.
Rb1 c3 35. Kd3 Kg7 36. Bxb2 cxb2 37. Rc3 Rb3 38. Kc2 Rxc3+ 39. Kxc3 f6 40. Rxb2
Rxb2 41. Kxb2 e5 42. Kb3 e4 43. g4 f5 44. Kc4 Kf6 45. a4 Ke6 46. g5 Kd7 47. Kc3
Kc7 48. Kd4 Kd6 49. h4 Kc6 50. Kc4 Kd6 51. Kd4 Ke6 52. Kc4 Kd6 53. Kd4 {Game
drawn by repetition} 1/2-1/2

[Event "Team 45 45 League T41"]
[Site "Internet Chess Club"]
[Date "2009.05.24"]
[Round "4"]
[White "SneakyRed"]
[Black "giltar"]
[Result "0-1"]
[WhiteElo "1913"]
[BlackElo "1811"]
[Opening "Caro-Kann: Panov-Botvinnik attack, 5...e6"]
[ECO "B14"]
[Time "10:02:50"]
[TimeControl "2700+45"]

1. e4 c6 2. d4 d5 3. exd5 cxd5 4. c4 Nf6 5. Nc3 e6 6. c5 Be7 7. Bf4 O-O 8. Nf3
b6 9. b4 a5 10. a3 axb4 11. axb4 Rxa1 12. Qxa1 Nc6 13. Qa4 bxc5 14. Qxc6 cxd4
15. Bc7 Qd7 16. Qxd7 Bxd7 17. Na2 Rc8 18. Bf4 Rc2 19. Nc1 Bxb4+ 20. Kd1 Ba4 21.
Nd3 Rd2+ 22. Kc1 Rd1+ {White resigns} 0-1

[Event "Team 45 45 League T41"]
[Site "Internet Chess Club"]
[Date "2009.05.25"]
[Round "4"]
[White "Philly-Boy"]
[Black "Rainbird"]
[Result "1-0"]
[WhiteElo "1861"]
[BlackElo "1752"]
[Opening "Bogo-Indian defense"]
[ECO "E11"]
[Time "19:00:09"]
[TimeControl "2700+45"]

1. d4 Nf6 2. c4 e6 3. Nf3 Bb4+ 4. Bd2 Bxd2+ 5. Nbxd2 d6 6. e4 c5 7. dxc5 dxc5 8.
e5 Nfd7 9. Qc2 Nc6 10. Qe4 Qc7 11. O-O-O Ndxe5 12. h4 O-O 13. h5 h6 14. Kb1 Nxf3
15. gxf3 Qe5 16. Qh4 Nd4 17. Bd3 Bd7 18. Rhg1 Bc6 19. f4 Qc7 20. Rxg7+ Kxg7 21.
Rg1+ {Black resigns} 1-0

[Event "Team 45 45 League T41"]
[Site "Internet Chess Club"]
[Date "2009.05.23"]
[Round "4"]
[White "Hominid"]
[Black "mongmong"]
[Result "0-1"]
[WhiteElo "1357"]
[BlackElo "1613"]
[Opening "French defense, Steiner variation"]
[ECO "A13"]
[Time "07:00:19"]
[TimeControl "2700+45"]

1. c4 e6 2. e4 d5 3. e5 Ne7 4. d4 Ng6 5. Nf3 b6 6. g3 Ba6 7. Qa4+ Qd7 8. Qxd7+
Nxd7 9. b3 c5 10. Bd3 cxd4 11. Nxd4 Ndxe5 12. Bxg6 Nxg6 13. Nd2 dxc4 14. Nxc4
Bxc4 15. bxc4 Bb4+ 16. Bd2 Bxd2+ 17. Kxd2 O-O 18. Rhe1 Rfd8 19. Ke3 Rac8 20.
Rac1 h6 21. f4 Rd7 22. Red1 Rcd8 23. Rd2 e5 24. Nf3 Rxd2 25. Nxd2 exf4+ 26. gxf4
Nxf4 27. Nf3 Ne6 28. Ne5 Rc8 29. a4 Nc5 30. Ra1 Re8 31. Kd4 Nb3+ {White resigns}
0-1

[Event "Team 45 45 League T41"]
[Site "Internet Chess Club"]
[Date "2009.05.31"]
[Round "4"]
[White "ticopatzer"]
[Black "nobull"]
[Result "1-0"]
[WhiteElo "1540"]
[BlackElo "1436"]
[Opening "Sicilian: Najdorf, Opocensky variation"]
[ECO "B92"]
[Time "20:00:10"]
[TimeControl "2700+45"]

1. e4 c5 2. Nf3 d6 3. d4 cxd4 4. Nxd4 Nf6 5. Nc3 a6 6. Be2 Nc6 7. Bg5 e6 8. f4
Be7 9. Qd2 O-O 10. O-O-O Qc7 11. Nxc6 bxc6 12. Bxf6 Bxf6 13. Qxd6 Qb7 14. e5 Be7
15. Qd3 Rb8 16. b3 Ba3+ 17. Kb1 c5 18. Bf3 Qa7 19. Ne4 Bb7 20. Qd7 Qb6 21. Qa4
Bb4 22. Qd7 Kh8 23. Nd6 Bxf3 24. gxf3 Kg8 25. Rhg1 c4 26. Nxc4 Qf2 27. f5 Qxf3
28. fxe6 fxe6 29. Qxe6+ Qf7 30. Qxf7+ Rxf7 31. Nd6 Re7 32. Rg4 Bc3 33. Nf5 Rf7
34. Nh6+ Kf8 35. Nxf7 Kxf7 36. Re4 Re8 37. Rd5 Ke6 38. Rc5 Bd2 39. Re2 Bb4 40.
Rc6+ Kd5 41. Rxa6 Rxe5 42. Rxe5+ Kxe5 43. Ra7 Kf6 44. c4 Bd6 45. h3 h5 46. Kc2
g5 47. Ra6 Ke5 48. Ra5+ Kf4 49. Rd5 Be5 50. Kd1 g4 51. hxg4 hxg4 52. Ke2 Bc7 53.
Kf1 Kg3 54. Rg5 Bf4 55. Rf5 Be3 56. a4 Kh2 57. Rh5+ Kg3 58. c5 Kf4 59. Kg2 g3
60. c6 Bb6 61. Rh7 {Black resigns} 1-0